 Dungeon Crawl Stone Soup version 0.28.0-45-g0d030f2227 (webtiles) character file.

Game seed: 4774618520299646062

826 Gabide the Charlatan (level 7, -10/56 HPs)
             Began as a Barachi Artificer on Apr 20, 2022.
             Mangled by Prince Ribbit (12 damage)
             ... on level 5 of the Dungeon.
             The game lasted 00:17:44 (8189 turns).

Gabide the Charlatan (Barachi Artificer)            Turns: 8189, Time: 00:17:45

Health: -10/56     AC:  8    Str: 16 (18) XL:     7   Next: 96%
Magic:  7/7        EV: 13    Int: 10 (11) God:
Gold:   165        SH:  0    Dex: 14 (15) Spells: 6/6 levels left

rFire   . . .      SeeInvis .   h - +0 quarterstaff
rCold   . . .      Faith    .   (shield currently unavailable)
rNeg    . . .      Spirit   .   p - +2 robe of the Hall of Blades {Str+5}
rPois   .          Reflect  .   n - +0 helmet
rElec   .          Harm     .   (no cloak)
rCorr   .          Rampage  .   (no gloves)
Will    .....                   c - +2 pair of boots
Stlth   ++........              (no amulet)
HPRegen 0.18/turn               (no ring)
MPRegen 0.10/turn               (no ring)

@: unable to hop, slow
A: amphibious, slowness 1, strong legs 1, +LOS
a: Hop


You were on level 5 of the Dungeon.
You visited 1 branch of the dungeon, and saw 5 of its levels.

You collected 165 gold pieces.

Inventory:

Hand Weapons
 h - a +0 quarterstaff (weapon)
Armour
 b - a +0 leather armour
 c - a +2 pair of boots (worn)
 n - a +0 helmet (worn)
 p - the +2 robe of the Hall of Blades (worn) {Str+5}
   (You found it on level 3 of the Dungeon)

   Str:       It affects your strength (+5).
Scrolls
 g - a scroll of teleportation
 j - a scroll of fog
Miscellaneous
 e - a piece from Xom's chessboard (inert)


   Skills:
 * Level 5.1 Fighting
 - Level 0.4(2.0) Maces & Flails
 * Level 3.1 Staves
 + Level 4.2 Armour
 * Level 4.5 Dodging
 - Level 0.8 Stealth
 * Level 5.8 Evocations


You had 6 spell levels left.
You didn't know any spells.
Your spell library contained the following spells:

 Spells                   Type           Power      Damage    Failure   Level
 Gell's Gravitas          Tloc           0%         N/A       75%         3
 Lesser Beckoning         Tloc           0%         N/A       75%         3
 Teleport Other           Tloc           0%         N/A       75%         3


Dungeon Overview and Level Annotations

Branches:
Dungeon (5/15)             Temple (0/1) D:5

Altars:
Cheibriados
Dithmenos
Elyvilon
Makhleb
Ru

Annotations:
D:5 Prince Ribbit


Innate Abilities, Weirdness & Mutations

You are amphibious.
You cover ground slowly.
You can hop short distances.
You have an extended range of vision and can be seen from far away.


Message History

Prince Ribbit is moderately wounded.
Prince Ribbit hits you but does no damage.
You closely miss Prince Ribbit.
Prince Ribbit is moderately wounded.
Prince Ribbit lets out a mournful croak.
Prince Ribbit hits you but does no damage. x2
You sock Prince Ribbit!
Prince Ribbit is severely wounded.
Prince Ribbit blinks!
Unknown command.
Unknown command.
Prince Ribbit croaks regally.
There is a stone staircase leading down here.
There is a stone staircase leading down here.
You closely miss Prince Ribbit.
Prince Ribbit is severely wounded.
Prince Ribbit barely misses you. Prince Ribbit misses you.
You hit Prince Ribbit.
Prince Ribbit is severely wounded.
Prince Ribbit hits you!
You hit Prince Ribbit.
Prince Ribbit is severely wounded.
Prince Ribbit blinks!
Prince Ribbit blinks!
You hit Prince Ribbit but do no damage.
Prince Ribbit is severely wounded.
Prince Ribbit hits you!
* * * LOW HITPOINT WARNING * * *
Prince Ribbit hits you!
* * * LOW HITPOINT WARNING * * *
Hop to where?
Press: ? - help, Dir - move target Boing!
Prince Ribbit hits you.
* * * LOW HITPOINT WARNING * * *
It was a potion of degeneration.
There was something very wrong with that liquid.
You feel weakened.
You feel dopey.
You feel clumsy. Prince Ribbit hits you!
You die...

#.## #...............#......
#..# #........##.....#######
##.# #.......######.## #.#
########.....))# #.#
##.####>.# ##.#### #.....)>.#
......######..#.#..#########
##.##.........#.#..#.......#
#####.......)..<@F......#
#####.####...####.##.......#
##.......#...####.##.##......
##.......#........#.#. ##..#
##.......#.^#####..# #. .#
....._......# #.# #.
.#.......##......## #.
.#.....†.##.#####. .#
.#.......##.# #


You could see Prince Ribbit.

Vanquished Creatures
  Duvessa (D:5)
  2 ogres (D:4)
  A centaur (D:4)
  A gnoll sergeant (D:4)
  Dowan (D:5)
  2 water moccasin skeletons
  A howler monkey (D:5)
  An orc priest (D:5)
  Jessica (D:2)
  An iguana (D:5)
  A gnoll (D:5)
  3 adders
  3 dart slugs
  3 orcs (D:5)
  7 ball pythons
  8 endoplasms
  A giant cockroach (D:3)
  4 goblins
  5 hobgoblins
  A jackal (D:4)
  2 quokkas
  4 frilled lizards
  5 kobolds
  9 rats
68 creatures vanquished.

Vanquished Creatures (collateral kills)
  A hound skeleton (D:4)
  4 gnolls (D:4)
  An orc (D:4)
  A ball python (D:4)
  A giant cockroach (D:4)
  A goblin (D:2)
  2 hobgoblins
  2 jackals (D:4)
  A kobold (D:3)
  A rat (D:2)
15 creatures vanquished.

Vanquished Creatures (others)
  2 gnolls (D:5)
2 creatures vanquished.

Grand Total: 85 creatures vanquished

Notes
Turn   | Place    | Note
-------+----------+-------------------------------------------
     0 | D:1      | Gabide the Barachi Artificer began the quest for the Orb.
     0 | D:1      | Reached XP level 1. HP: 15/15 MP: 1/1
   328 | D:1      | Found a faded altar of an unknown god.
   441 | D:1      | Reached XP level 2. HP: 21/21 MP: 2/2
  1161 | D:2      | Reached XP level 3. HP: 26/27 MP: 3/3
  1486 | D:2      | Noticed Jessica
  1494 | D:2      | Killed Jessica
  1495 | D:2      | Reached XP level 4. HP: 34/34 MP: 4/4
  1932 | D:3      | Found a shadowy altar of Dithmenos.
  1941 | D:3      | Found a burning altar of Makhleb.
  2480 | D:3      | Found a snail-covered altar of Cheibriados.
  2829 | D:3      | Identified the +2 robe of the Hall of Blades {Str+5}
  2922 | D:4      | Reached skill level 1 in Staves
  2922 | D:4      | Reached XP level 5. HP: 11/41 MP: 5/5
  3395 | D:4      | Noticed an ogre
  3419 | D:4      | Killed an ogre
  3420 | D:4      | Reached XP level 6. HP: 29/47 MP: 6/6
  4396 | D:4      | Found a sacrificial altar of Ru.
  4598 | D:4      | Reached skill level 5 in Evocations
  4982 | D:4      | Reached XP level 7. HP: 55/55 MP: 7/7
  5539 | D:5      | Entered Level 5 of the Dungeon
  5548 | D:5      | Found a white marble altar of Elyvilon.
  5634 | D:5      | Noticed Prince Ribbit
  7466 | D:5      | Found a staircase to the Ecumenical Temple.
  7466 | D:5      | Noticed Duvessa
  7468 | D:5      | Noticed Dowan
  7489 | D:5      | Killed Duvessa
  7525 | D:5      | Killed Dowan
  7526 | D:5      | Reached skill level 5 in Fighting
  8188 | D:5      | HP: 2/56 [Prince Ribbit (3)]
  8189 | D:5      | Mangled by Prince Ribbit

Illustrated notes

Levels and vault maps discovered:
D:1:      evilmike_arrival_crescent, layout_loops_ring,
          hellmonk_ecumenical_altar_heavens_door
D:2:      layout_basic, uniq_jessica
D:3:      layout_basic, mainiacjoe_overflow_alcove_1,
          mainiacjoe_overflow_catwalk_spiral
D:4:      nicolae_cairo_tiling, layout_cave_pods, kennysheep_mini
D:5:      layout_loops_cross, nicolae_overflow_crystal_walls,
          minmay_temple_entry_slanted, minmay_starry_boxes, uniq_duvessa,
          uniq_prince_ribbit1

Skill      XL: |  1  2  3  4  5  6  7 |
---------------+----------------------+-----
Fighting       | 2 3 4 5 |  5.1
Dodging        | 2 3 4 |  4.5
Evocations     | 4 5 |  5.8
Armour         | 3 4 |  4.2
Staves         | 1 2 3 |  3.1
Maces & Flails | |  0.4
Stealth        | |  0.8

Action                   |  1- 3 |  4- 6 |  7- 9 || total
-------------------------+-------+-------+-------++-------
Melee: Club              |    32 |       |       ||    32
       Quarterstaff      |    24 |    91 |    96 ||   211
 Abil: Hop               |       |       |     5 ||     5
Evoke: Wand              |    18 |     9 |     3 ||    30
       Piece from Xom's  |     2 |    15 |     9 ||    26
  Use: Scroll            |       |     3 |     6 ||     9
       Potion            |       |       |     4 ||     4
 Stab: Paralysed         |     8 |     2 |       ||    10
       Sleeping          |       |     3 |       ||     3
       Petrified         |       |       |     5 ||     5
       Confused          |       |       |     2 ||     2
Armor: Leather armour    |    12 |    16 |       ||    28
       Robe              |       |    18 |    18 ||    36
       Skin              |       |       |     7 ||     7
Dodge: Dodged            |    31 |    84 |    55 ||   170
